Map: Cactus Valley LE (Void)

Players

prometheus

  • Race: Terran Terran
  • League: Diamond
  • Spawn Location: 7:00

Musumeci - Winner!

  • Race: Zerg Zerg
  • League: Diamond
  • Spawn Location: 11:00

VOD

Have the link to the VOD?

Description

Time

  • Played on: March 6, 2017, 7:48 a.m.
  • Length: 21:45
Show
View Real Time Build Order
Export as new Build Order

prometheus Terran 

Build Orders: Command Center First (CC), Mech 

Get SALT Encoding   

  12  0:01  SCV  
  13  0:13  SCV  
  14  0:18  Supply Depot  
  14  0:25  SCV  
  15  0:39  SCV  
  16  0:51  SCV  
  17  1:01  Command Center  
  17  1:05  SCV  
  18  1:12  Refinery  
  18  1:17  SCV  
  19  1:30  SCV, Barracks  
  20  1:42  SCV  
  21  1:54  SCV  
  22  2:17  Orbital Command  
  22  2:18  Barracks Reactor  
  22  2:20  Supply Depot  
  22  2:23  Orbital Command  
  22  2:32  Refinery  
  22  2:37  Factory  
  22  2:44  SCV  
  23  2:49  SCV  
  24  2:56  Marine x2  
  26  3:00  SCV  
  26  3:11  Bunker  
  26  3:13  SCV  
  26  3:14  Marine x2  
  26  3:19  Factory  
  29  3:23  SCV  
  30  3:32  SCV  
  31  3:34  Command Center  
  31  3:43  SCV  
  32  3:48  SCV  
  32  3:49  Barracks Reactor, Supply Depot  
  32  3:52  Hellion x2  
  37  3:55  SCV  
  37  4:01  SCV  
  39  4:08  SCV  
  40  4:12  Supply Depot  
  40  4:13  SCV  
  40  4:14  Hellion x2  
  45  4:20  SCV  
  46  4:25  SCV  
  47  4:32  SCV  
  47  4:37  SCV  
  49  4:40  Cyclone x2  
  49  4:44  SCV  
  56  4:48  Cyclone x2  
  56  4:49  SCV  
  56  4:50  SCV  
  64  4:56  SCV  
  64  4:59  Refinery  
  65  5:00  Refinery  
  65  5:01  SCV, Marine  
  65  5:02  SCV  
  68  5:08  SCV  
  68  5:09  Armory  
  69  5:17  SCV  
  69  5:19  Marine  
  69  5:20  Cyclone  
  74  5:25  Supply Depot  
  74  5:26  SCV x2, Supply Depot  
  76  5:43  Factory  
  76  5:54  Factory x2  
  80  5:57  Hellion x2  
  80  5:58  Hellion x2  
  84  6:08  Supply Depot  
  84  6:09  Terran Vehicle Weapons Level 1  
  84  6:12  Factory  
  84  6:15  SCV x2  
  84  6:16  Engineering Bay  
  84  6:18  Orbital Command, Hellion  
  88  6:32  Hellion x3  
  94  6:37  Factory Tech Lab x2  
  94  6:39  SCV x2  
  96  6:46  SCV  
  97  6:49  Factory  
  97  6:51  SCV x2  
  99  6:58  SCV  
  100  7:03  SCV  
  101  7:29  Factory Tech Lab, Supply Depot  
  101  7:30  Hellion, Cyclone, Siege Tank  
  101  7:34  Refinery  
  101  7:35  Refinery  
  109  7:44  Supply Depot  
  109  7:45  Factory Tech Lab, Supply Depot  
  109  7:49  Supply Depot  
  109  7:50  SCV, Siege Tank  
  109  7:51  Hellion x2  
  125  8:05  SCV x2, Cyclone, Siege Tank  
  125  8:07  SCV  
  125  8:11  Siege Tank  
  129  8:17  SCV x2  
  129  8:18  Factory Tech Lab  
  129  8:19  SCV  
  132  8:20  Hellion x4  
  132  8:21  Hellion x3, Supply Depot  
  132  8:23  Siege Tank  
  129  8:28  Cyclone x2  
  129  8:29  SCV  
  129  8:31  SCV x2  
  138  8:42  SCV  
  138  8:43  SCV x2  
  141  8:53  Siege Tank  
  141  8:54  SCV, Hellbat  
  147  8:55  SCV, Supply Depot  
  147  8:56  Supply Depot  
  140  9:09  Hellion, Siege Tank  
  143  9:22  Hellion x2, Siege Tank  
  141  9:31  Command Center  
  141  9:36  Factory  
  130  9:50  Hellion, Siege Tank  
  130  9:52  Cyclone x4  
  138  10:02  Hellion, Siege Tank  
  143  10:11  Starport, Hellion  
  145  10:14  Starport x2  
  145  10:16  Terran Vehicle And Ship Armor Level 1  
  145  10:19  Armory  
  145  10:22  Hellion  
  145  10:23  Siege Tank  
  145  10:24  Hellion x2, Siege Tank  
  145  10:25  Hellion  
  159  10:33  Missile Turret  
  159  10:35  Hellion x10  
  159  10:37  Factory Tech Lab  
  159  10:41  Supply Depot  
  157  11:02  SCV x2  
  159  11:05  Thor  
  159  11:06  Hellion, Siege Tank  
  170  11:15  Siege Tank  
  170  11:16  Hellbat x2  
  164  11:28  Hellbat  
  158  11:33  Starport Tech Lab x3  
  147  11:52  Siege Tank, Hellbat x2  
  154  11:57  Raven  
  154  11:59  Missile Turret, Banshee x2  
  154  12:00  Cloaking Field  
  162  12:01  Hyperflight Rotors  
  162  12:04  Planetary Fortress  
  162  12:11  Siege Tank, Hellbat x2  
  162  12:13  Siege Tank  
  174  12:15  Hellbat  
  174  12:16  Missile Turret, SCV x2  
  176  12:23  Supply Depot  
  176  12:25  Missile Turret  
  176  12:28  Starport  
  176  12:29  Missile Turret, Supply Depot  
  176  12:30  Starport  
  176  12:38  SCV  
  176  12:39  SCV x2  
  179  12:44  Banshee  
  179  12:45  Banshee x2  
  185  13:03  Hellbat  
  185  13:04  Hellbat x3  
  190  13:19  Thor  
  175  13:27  Banshee x2, Missile Turret  
  163  13:48  Missile Turret  
  151  13:49  Missile Turret  
  151  13:50  Missile Turret  
  151  13:51  Missile Turret  
  151  13:54  Infernal Pre-Igniter  
  137  13:56  Thor  
  137  13:57  Hellion x2  
  137  13:59  Missile Turret  
  114  14:18  Thor  
  118  14:42  Hellion x3, Siege Tank  
  95  15:02  Thor  
  95  15:04  SCV x2  
  97  15:08  Missile Turret  
  97  15:12  Missile Turret  
  88  15:27  Thor  
  90  15:30  SCV x3  
  90  15:42  SCV  
  90  15:53  Missile Turret  
  90  15:58  SCV x3  
  90  15:59  Missile Turret  
  90  16:00  Refinery  
  90  16:02  Missile Turret  
  90  16:03  Refinery, Missile Turret  
  93  16:10  SCV  
  91  16:23  SCV  
  92  16:27  Starport Tech Lab  
  92  16:29  Hellion, Siege Tank x2  
  92  16:30  Hellion, Siege Tank  
  92  16:31  Hellion  
  92  16:32  SCV x2  
  109  16:45  Hellion x6  
  109  16:46  Missile Turret x2  
  100  16:50  Hellion  
  100  16:52  Hellion  
  100  16:53  Hellbat  
  97  17:01  Siege Tank  
  97  17:03  Banshee x3, Command Center  
  94  17:21  Siege Tank, Hellbat  
  84  17:43  Hellbat  
  82  17:56  Hellbat  
  84  18:10  Siege Tank, Hellbat  
  84  18:11  Hellbat  
  91  18:26  Siege Tank  
  91  18:27  Hellbat  
  89  18:32  Hellbat  
  71  18:35  Hellbat  
  62  18:46  Siege Tank  
  62  18:47  Hellion  
  51  18:51  Hellion x5  
  46  18:55  Hellion  
  45  19:24  Missile Turret, Hellion  
  45  19:25  Hellion  
  45  19:48  SCV  
  43  19:57  Orbital Command  
  34  20:14  Widow Mine  
  35  20:42  Hellion x4  
Show
View Real Time Build Order
Export as new Build Order

Musumeci Zerg - Winner!

Build Orders: Hatch First 

Get SALT Encoding   

  12  0:02  Drone  
  13  0:12  Drone  
  14  0:28  Drone, Extractor  
  15  0:40  Hatchery  
  14  0:45  Extractor  
  14  0:46  Drone  
  15  1:02  Spawning Pool  
  14  1:06  Extractor  
  14  1:07  Drone  
  14  1:13  Drone, Extractor  
  16  1:19  Overlord  
  16  1:37  Drone x2  
  16  1:39  Drone  
  19  1:48  Queen  
  19  1:53  Queen  
  23  1:55  Drone  
  23  1:58  Drone  
  25  2:01  Drone  
  26  2:15  Drone x2  
  28  2:47  Overlord  
  28  2:56  Overlord  
  28  3:05  Queen x2, Drone  
  28  3:06  Drone x3  
  28  3:11  Overlord  
  36  3:17  Drone x6  
  42  3:26  Extractor  
  41  3:28  Drone, Extractor  
  41  3:34  Roach Warren  
  41  3:36  Drone  
  41  3:54  Drone  
  41  3:55  Drone x4  
  46  4:04  Evolution Chamber  
  46  4:06  Evolution Chamber  
  44  4:16  Roach  
  52  4:17  Roach x3  
  52  4:20  Overlord  
  52  4:21  Overlord  
  52  4:28  Hatchery  
  51  4:39  Roach x3  
  57  4:45  Lair  
  57  4:48  Drone x2, Extractor  
  57  4:49  Drone  
  59  4:53  Drone x2, Extractor  
  59  4:55  Drone  
  59  4:58  Drone x5  
  66  5:05  Spore Crawler  
  66  5:06  Spore Crawler  
  64  5:07  Spore Crawler  
  64  5:08  Spore Crawler  
  64  5:09  Drone x2  
  64  5:37  Roach x2  
  68  5:45  Drone x6  
  68  5:48  Glial Reconstitution  
  74  6:03  Zerg Missile Weapons Level 1  
  74  6:04  Zerg Ground Armor Level 1  
  74  6:05  Overlord x7  
  74  6:32  Roach  
  78  6:33  Roach x11  
  98  6:45  Ravager x4  
  98  6:46  Ravager x2  
  104  7:01  Roach  
  104  7:02  Roach x6  
  118  7:27  Ravager  
  118  7:28  Overlord x3  
  118  7:29  Overlord x2  
  119  7:38  Hatchery  
  119  7:39  Roach x3  
  119  7:43  Hatchery  
  119  7:44  Overlord  
  123  7:45  Extractor  
  123  7:48  Extractor  
  121  8:03  Roach x6  
  133  8:10  Ravager  
  133  8:11  Ravager  
  124  8:29  Zerg Missile Weapons Level 2, Zerg Ground Armor Level 2  
  124  8:36  Tunneling Claws  
  124  8:42  Drone x2  
  124  8:43  Drone x8  
  124  8:47  Burrow  
  134  9:01  Overlord x4  
  134  9:06  Roach x6  
  139  9:28  Ravager x3  
  139  9:29  Ravager x4  
  132  9:49  Ravager x4  
  126  10:03  Drone x7  
  126  10:04  Drone x10  
  143  10:14  Drone x2  
  145  10:23  Extractor  
  145  10:26  Extractor  
  143  10:37  Drone x6  
  146  10:56  Spire  
  145  11:02  Roach x15  
  122  11:32  Drone x9  
  117  12:09  Mutalisk  
  117  12:10  Mutalisk x20  
  159  12:26  Ravager x3  
  159  12:27  Ravager x2  
  159  12:29  Drone  
  165  12:30  Drone x5  
  170  12:41  Zerg Flyer Weapons Level 1  
  158  13:07  Hatchery, Extractor  
  145  13:31  Mutalisk  
  145  13:32  Mutalisk x12  
  144  14:02  Roach x8  
  148  14:03  Roach x5  
  148  14:05  Drone x3  
  149  14:12  Hatchery  
  149  14:16  Spore Crawler  
  142  14:20  Spore Crawler  
  142  14:21  Overseer  
  137  14:25  Spore Crawler x2  
  137  14:29  Spore Crawler  
  137  14:30  Spore Crawler  
  72  15:28  Ravager  
  72  15:29  Ravager x9  
  72  15:33  Roach x16  
  72  15:34  Roach  
  114  15:36  Drone x3  
  114  15:39  Drone  
  114  15:40  Drone  
  114  15:41  Queen  
  114  15:42  Queen  
  113  15:59  Roach x10  
  133  16:07  Ravager x3  
  133  16:08  Ravager x3  
  139  16:19  Extractor  
  139  16:24  Ravager x2  
  140  16:29  Ravager  
  129  16:48  Roach  
  129  16:49  Roach x3  
  129  16:50  Roach x3  
  129  16:51  Roach x6  
  127  17:27  Roach x3  
  107  17:48  Extractor  
  106  17:52  Drone x6  
  106  17:53  Drone x2  
  112  18:11  Mutalisk  
  112  18:12  Mutalisk x3  
  72  18:47  Roach x7  
  64  19:12  Roach x5  
  72  19:27  Hatchery  
  67  19:57  Hatchery  
  67  20:07  Roach x5  
  67  20:10  Drone x10  
  87  20:19  Spine Crawler  
  86  20:26  Ravager x7  
  93  20:32  Extractor  
  93  20:34  Roach x3, Extractor  
  91  20:39  Drone  
  91  20:40  Drone x5  
  97  20:58  Roach  
  97  21:00  Extractor  
Tags
 
Add a new tag
Caveats
  • Supply blocks, unpowered buildings, or Contaminate may cause inaccurate times.
  • Supply counts are checked every 10 seconds.